 Dungeon Crawl Stone Soup version 0.19-a0-414-g76fec5b (webtiles) character file.

372002 mistymad the Unseen (level 21, 0/172 HPs)
             Began as a Vampire Enchanter on May 30, 2016.
             Was the Champion of Ashenzari.
             Slain by a great orb of eyes (11 damage)
             ... while paralysed by a great orb of eyes
             ... on level 1 of the Depths on May 31, 2016.
             The game lasted 05:35:03 (57792 turns).

mistymad the Unseen (Vampire Enchanter)            Turns: 57792, Time: 05:35:04

Health: 0/172      AC: 15    Str:  9    XL:     21   Next: 71%
Magic:  44/46      EV:  2    Int: 19    God:    Ashenzari [******]
Gold:   1973       SH:  0    Dex: 29    Spells: 11 memorised, 11 levels left

rFire  + + .     SeeInvis +     u - +2 dagger (drain)
rCold  + + .     Gourm    .     P - +2 robe {Archmagi} (curse)
rNeg   + + +     Faith    .     J - +1 buckler {AC+3}
rPois  +         Spirit   .     G - +2 hat {rF+} (curse)
rElec  +         Dismiss  .     Y - +2 cloak (curse)
rCorr  .         Reflect  .     o - +1 pair of gloves {rF+} (curse)
SustAt .         Harm     .     Q - +0 pair of boots (curse)
MR     ++...     Clarity  +     W - amulet of regeneration
Stlth  ++++++++++               t - ring "Lahoyq" {rC+ Str+6}
                                a - ring "Jatos" {rElec rN++ MP+9 Str-4 Dex+6} (curse)

@: paralysed, regenerating (expiring), repel missiles, very resistant to hostile
enchantments, uncannily stealthy
A: fangs 3, see invisible, unbreathing
a: Bat Form, Curse Item, Scrying, Transfer Knowledge, Renounce Religion
}: 2/15 runes: decaying, serpentine


You were on level 1 of the Depths.
You worshipped Ashenzari.
Ashenzari was exalted by your worship.
You were very thirsty.

You visited 8 branches of the dungeon, and saw 39 of its levels.
You also visited: Labyrinth and Volcano.

You collected 3923 gold pieces.
You spent 1950 gold pieces at shops.

Inventory:

Hand Weapons
 u - a +2 dagger of draining (weapon)
Missiles
 f - 2 throwing nets (quivered)
Armour
 o - a cursed +1 pair of gloves of fire resistance (worn)
 G - a cursed +2 hat of fire resistance (worn)
 J - a +1 buckler of protection (worn)
 P - a cursed +2 robe of the Archmagi (worn)
 Q - a cursed +0 pair of boots (worn)
 Y - a cursed +2 cloak (worn)
Jewellery
 a - the cursed ring "Jatos" (left hand) {rElec rN++ MP+9 Str-4 Dex+6}
   (You bought it in a shop on level 10 of the Dungeon)

   [ring of dexterity]

   It affects your strength (-4).
   It affects your dexterity (+6).
   It insulates you from electricity.
   It greatly protects you from negative energy.
   It affects your magic capacity (+9).
   It has a curse placed upon it.
 b - an uncursed ring of protection from magic
 q - an uncursed ring of ice
 t - the ring "Lahoyq" (right hand) {rC+ Str+6}
   (You found it on level 3 of the Lair of Beasts)

   [ring of strength]

   It affects your strength (+6).
   It protects you from cold.
 U - an uncursed ring of protection from fire
 W - an amulet of regeneration (around neck)
Wands
 j - a wand of disintegration (12/24)
 l - a wand of paralysis (14/24)
 y - a wand of confusion (20/48)
Scrolls
 d - 4 scrolls of fog
 i - 7 scrolls of recharging
 k - 12 scrolls of remove curse
 n - 9 scrolls of teleportation
 r - 6 scrolls of enchant weapon
 w - 5 scrolls of enchant armour
 x - 3 scrolls of blinking
 z - a scroll of summoning
 E - 2 scrolls of amnesia
 I - 2 scrolls of brand weapon
 L - 5 scrolls of magic mapping
 N - 2 scrolls of fear
 O - 8 scrolls of identify
Potions
 c - a potion of cure mutation {unknown}
 e - 5 potions of brilliance
 g - 11 potions of flight
 h - 4 potions of magic
 p - 20 potions of blood
 s - 7 potions of curing
 A - 7 potions of invisibility
 B - 5 potions of agility
 D - 4 potions of might
 F - 8 potions of haste
 M - 3 potions of resistance
 R - a potion of cancellation
Miscellaneous
 v - a lamp of fire (inert)
 K - a fan of gales


   Skills:
 * Level 16.4 Fighting
 + Level 13.3 Short Blades
 + Level 14.8(18.8) Dodging
 + Level 20.0(23.5) Stealth
 + Level 9.6 Shields
 + Level 12.4 Spellcasting
 + Level 19.0 Hexes
 + Level 9.8 Charms
 + Level 9.7 Necromancy
 - Level 4.2 Air Magic
 + Level 9.3 Evocations


You had 11 spell levels left.
You knew the following spells:

 Your Spells              Type           Power        Failure   Level  Hunger
a - Corona                Hex            #######      0%          1    None
b - Ensorcelled Hibernat  Hex/Ice        ######       1%          2    None
c - Confuse               Hex            #######.     0%          3    None
d - Tukima's Dance        Hex            #######.     0%          3    None
e - Dazzling Spray        Conj/Hex       ######       1%          3    None
f - Darkness              Hex            #######...   1%          6    ######.
g - Spectral Weapon       Hex/Chrm       #######.     1%          3    None
h - Regeneration          Chrm/Necr      ######....   1%          3    None
i - Shroud of Golubria    Chrm/Tloc      #####.....   1%          2    None
j - Silence               Hex/Air        ######....   1%          5    ####...
k - Repel Missiles        Chrm/Air       ######       1%          2    None


Dungeon Overview and Level Annotations

Branches:
Dungeon (15/15)            Temple (1/1) D:4            Lair (8/8) D:10
  Swamp (4/4) Lair:6        Snake (4/4) Lair:6        Slime (0/6) Lair:6
    Orc (2/2) D:10            Elf (0/3) Orc:2        Vaults (3/5) D:13
  Crypt (0/3) Vaults:3     Depths (2/5) D:15

Altars:
Ashenzari
Cheibriados
Dithmenos
Elyvilon
Fedhas
Gozag
Hepliaklqana
Kikubaaqudgha
Makhleb
Nemelex Xobeh
Okawaru
Pakellas
Qazlal
Ru
Sif Muna
Trog
Uskayaw
Vehumet
Xom
Yredelemnul
Zin
The Shining One
Beogh
Jiyva

Shops:
D:8 =   D:10 =[   D:15 *   Orc:1 }   Orc:2 !(:=   Snake:1 *[(   Vaults:1 [

Portals:
Hell: Depths:1
Ziggurat: Depths:1

Annotations:
Lair:6 Rupert


Innate Abilities, Weirdness & Mutations

You heal slowly.
You have razor-sharp teeth.
You have supernaturally acute eyesight. (SInv)
You can survive without breathing.


Message History

You block the great orb of eyes's attack.
There is a stone staircase leading down here.
You regained 2 hp, and now have 38/172 hp.
Casting: Regeneration
Confirm with . or Enter, or press ? or * to list all spells.
You feel a surge of power!
You draw out your weapon's spirit!
The great orb of eyes gazes at you.
You are blasted!
* * * LOW HITPOINT WARNING * * *
You take 28 damage, and have 10/172 hp.
You now have 43/46 mp.
You feel better. The great orb of eyes gazes at you.
You suddenly lose the ability to move!
Your skin is crawling a little less now.
The great orb of eyes bites you!
* * * LOW HITPOINT WARNING * * *
The great orb of eyes bites you.
* * * LOW HITPOINT WARNING * * *
The great orb of eyes bites you!
You die...

'..≈≈≈≈≈≈..##.##
#..........##.#
#...........#.#
#().#######.#)#
'>[.#######.#.####
#.).#≈≈≈###.'....#
#...#≈≈≈###.#.##.#
#...#≈≈≈###.#.##(#
'...#######.#..G@#
#...........######
#####'##'####
###...##.#
.....###.#
###....†.# #
#.####.## # #.#
#..# # #.# ##.#


You could see a great orb of eyes and a friendly spectral dagger of draining.

Vanquished Creatures
  Boris (Vaults:2)
  Vashnia (Snake:3)
  Nikola (Vaults:3)
  A lich (Vaults:2)
  Asterion (Snake:4)
  A storm dragon (Vaults:2)
  4 thorn hunters
  The ghost of Ijustatesigmund the Severer, an adept HOFi of Uskayaw (Snake:1)
  2 fire giants
  12 greater nagas
  A frost giant (Vaults:2)
  Donald (Vaults:2)
  Maud (Orc:2)
  The ghost of no0bjke the Grand Scion, a journeyman DsFi of Hepliaklqana (D:15)
  Louise (Swamp:1)
  8 vault wardens
  2 war gargoyles (Depths:2)
  A reaper (Depths:1)
  8 very ugly things (Depths:1)
  6 ironheart preservers
  2 stone giants
  Nessos (Lair:6)
  A deep elf annihilator (Vaults:2)
  Snorg (D:11)
  2 ettins
  A minotaur (Lab)
  8 great orbs of eyes
  A crystal guardian (Depths:2)
  2 fire dragons
  4 yaktaur captains
  The ghost of tstbtto the Severer, a journeyman MiCK of Trog (Lair:1)
  An entropy weaver (Depths:1)
  4 vault guards
  21 naga warriors
  A ghost crab (Swamp:3)
  4 rakshasas
  3 ice dragons
  24 hydras
  Erolcha (D:11)
  8 centaur warriors
  19 anacondas
  8 alligators
  2 death knights
  The ghost of dracos369 the Slinger, a journeyman HaFi of Ukayaw (D:9)
  14 ogre magi
  5 deep troll earth magi (Depths:1)
  6 deep troll shamans
  A tengu warrior (Depths:1)
  Urug (Lair:1)
  2 death yaks (Lair:4)
  A vampire mage (Vaults:3)
  14 naga sharpshooters
  Nergalle (Lair:1)
  11 shock serpents
  A shock serpent (shapeshifter) (Vaults:3)
  A soul eater (Vaults:3)
  6 deep elf knights
  2 shadow wraiths
  2 iron trolls (Depths:1)
  2 deep elf archers
  3 salamander mystics
  2 spriggan druids
  4 giant orange brains
  7 hill giants
  4 sea snakes (Snake:3)
  15 naga ritualists
  2 shambling mangroves (Swamp:3)
  11 swamp dragons
  3 unseen horrors
  A necromancer (Vaults:3)
  16 deep trolls
  Pikel (D:9)
  A lindwurm (Lair:7)
  4 griffons
  9 ironbrand convokers
  3 wolf spiders
  14 orc knights
  18 deep elf magi
  8 hornets
  16 mana vipers
  4 orc sorcerers
  3 manticores
  A cyclops (shapeshifter) (Depths:1)
  2 oklob plants
  A wolf spider zombie (D:15)
  9 cyclopes
  10 salamanders
  31 ugly things
  25 naga magi
  Maurice (D:12)
  8 guardian serpents
  An eye of devastation (shapeshifter) (Depths:2)
  A centaur zombie (D:11)
  59 black mambas
  6 vault sentinels
  Psyche (D:11)
  2 molten gargoyles (Depths:2)
  The ghost of Yehuk the Thaumaturge, a novice DEWz of Vehumet (D:7)
  18 elephants
  25 spiny frogs
  2 gargoyles
  2 rime drakes
  3 kobold demonologists
  3 centaur skeletons
  36 yaktaurs
  A freezing wraith (D:14)
  9 komodo dragons
  A tengu conjurer (Depths:1)
  A queen bee (D:13)
  9 polar bears
  Prince Ribbit (D:6)
  6 giant leeches
  A shadow dragon simulacrum (Vaults:3)
  8 trolls
  20 two-headed ogres
  A wind drake (Depths:2)
  A two-headed ogre (shapeshifter) (Depths:2)
  17 blink frogs
  3 raiju (Lair:8)
  2 boulder beetles (Vaults:3)
  13 slime creatures
  7 bog bodies
  A frost giant simulacrum (Vaults:1)
  A wraith (D:14)
  An orc simulacrum (Vaults:2)
  A water elemental (Depths:1)
  2 shadows
  Sigmund (D:2)
  6 spriggans
  6 redbacks
  10 basilisks
  A hog (Volcano)
  56 yaks
  A fire elemental (Depths:2)
  8 wyverns
  12 hippogriffs
  2 mottled dragons
  A yaktaur simulacrum (Vaults:1)
  2 hungry ghosts (D:8)
  18 vampire mosquitoes
  17 wargs
  11 swamp worms
  3 soldier ants
  5 insubstantial wisps (Lair:6)
  68 nagas
  17 water moccasins
  11 porcupines
  A porcupine (shapeshifter) (Depths:2)
  7 hell hounds (Lair:8)
  15 black bears
  15 wasps
  15 swamp drakes
  2 eyes of draining
  60 orc warriors
  2 ice beasts
  6 phantoms
  2 sky beasts
  23 wolves
  50 ogres
  25 centaurs
  11 crocodiles
  2 big kobolds
  22 giant frogs
  5 earth elementals (Depths:2)
  4 scorpions
  25 killer bees
  A human simulacrum (Vaults:2)
  A wight (Vaults:3)
  8 howler monkeys
  2 electric eels
  4 crimson imps
  2 lava snakes (Lair:4)
  A giant frog zombie (D:9)
  A quasit (D:9)
  13 jellies
  A jelly (shapeshifter) (Depths:2)
  18 hounds
  21 orc priests
  2 giant frog skeletons
  24 orc wizards
  Jessica (D:3)
  10 iguanas
  Natasha (thrice) (D:2)
  17 worker ants
  34 sheep
  2 hound skeletons
  A hound zombie (D:7)
  8 gnolls
  21 adders
  62 river rats
  4 shadow imps
  2 oozes
  An adder skeleton (D:5)
  2 adder zombies (D:5)
  5 worms
  A ball lightning (Depths:2)
  A dart slug (D:2)
  7 giant geckos
  94 orcs
  2 bats
  9 giant cockroaches
  4 hobgoblins
  17 jackals
  5 quokkas
  A ball python (D:4)
  A giant gecko zombie (D:6)
  3 giant newts
  8 goblins
  13 kobolds
  7 rats
  A spectral orc (D:2)
  A plant (Lair:7)
  2 spectral weapons
1747 creatures vanquished.

Vanquished Creatures (collateral kills)
  A hornet (Swamp:4)
  An orc (D:9)
2 creatures vanquished.

Vanquished Creatures (others)
  An ice dragon (D:6)
  A dancing weapon (D:10)
  A blink frog (Swamp:3)
  2 water elementals (Depths:2)
  A fire elemental (Depths:2)
  2 hogs (Volcano)
  A swamp drake (Swamp:4)
  An orc wizard (Orc:1)
  A ball lightning (Depths:2)
  34 fungi
  24 plants
  18 spectral weapons
87 creatures vanquished.

Grand Total: 1836 creatures vanquished

Notes
Turn   | Place    | Note
--------------------------------------------------------------
     0 | D:1      | mistymad the Vampire Enchanter began the quest for the Orb.
     0 | D:1      | Reached XP level 1. HP: 13/13 MP: 3/3
   157 | D:1      | Reached skill level 1 in Fighting
   201 | D:1      | You fall through a shaft!
   285 | D:2      | Reached XP level 2. HP: 19/21 MP: 3/5
   569 | D:1      | Learned a level 2 spell: Ensorcelled Hibernation
   852 | D:2      | Reached XP level 3. HP: 26/26 MP: 6/6
   988 | D:2      | Learned a level 3 spell: Confuse
  1050 | D:2      | Noticed Sigmund
  1302 | D:2      | Noticed Natasha
  1309 | D:2      | Killed Natasha
  1309 | D:2      | Reached XP level 4. HP: 33/33 MP: 7/7
  1391 | D:2      | Found a sparkling altar of Nemelex Xobeh.
  1502 | D:2      | Found a basalt altar of Yredelemnul.
  1546 | D:2      | Noticed Natasha
  1552 | D:2      | Killed Natasha
  1584 | D:2      | Noticed Natasha
  1590 | D:2      | Killed Natasha
  1590 | D:2      | Reached XP level 5. HP: 39/39 MP: 4/8
  1653 | D:2      | Killed Sigmund
  1653 | D:2      | Reached skill level 5 in Stealth
  1653 | D:2      | Reached skill level 5 in Hexes
  1653 | D:2      | Reached XP level 6. HP: 47/47 MP: 6/10
  1768 | D:3      | Found a white marble altar of Elyvilon.
  2009 | D:3      | Found a snail-covered altar of Cheibriados.
  2073 | D:3      | Found a sparkling altar of Nemelex Xobeh.
  2073 | D:3      | Noticed Jessica
  2083 | D:3      | Killed Jessica
  2304 | D:3      | Learned a level 3 spell: Tukima's Dance
  2507 | D:4      | Found a staircase to the Ecumenical Temple.
  2516 | Temple   | Entered the Ecumenical Temple
  2969 | D:4      | Reached XP level 7. HP: 52/52 MP: 6/11
  3115 | D:4      | Reached skill level 6 in Stealth
  3503 | D:4      | Learned a level 3 spell: Dazzling Spray
  3931 | D:5      | Entered Level 5 of the Dungeon
  4111 | D:5      | Found a shattered altar of Ashenzari.
  4115 | D:5      | Became a worshipper of Ashenzari the Shackled
  4130 | D:5      | Found a hazy altar of Hepliaklqana.
  4140 | D:5      | Found a sacrificial altar of Ru.
  4150 | D:5      | Found an iron altar of Okawaru.
  4405 | D:5      | Reached XP level 8. HP: 61/61 MP: 13/13
  4448 | D:5      | Found a burning altar of Makhleb.
  4581 | D:5      | Found a deep blue altar of Sif Muna.
  4629 | D:5      | Reached skill level 5 in Dodging
  4953 | D:6      | Noticed Prince Ribbit
  4975 | D:6      | Killed Prince Ribbit
  4975 | D:6      | Reached skill level 5 in Fighting
  4975 | D:6      | Reached skill level 7 in Stealth
  5969 | D:6      | Found an oddly glowing altar of Pakellas.
  5970 | D:6      | Noticed an ice dragon
  5983 | D:6      | Killed an ice dragon
  6460 | D:7      | Noticed Yehuk's ghost (novice DEWz)
  6501 | D:7      | Killed Yehuk's ghost
  6501 | D:7      | Reached XP level 9. HP: 69/69 MP: 3/15
  6612 | D:7      | Reached skill level 8 in Stealth
  6663 | D:7      | Reached skill level 5 in Short Blades
  6769 | D:7      | Reached * piety under Ashenzari
  7343 | D:8      | Found a bloodstained altar of Trog.
  7398 | D:8      | Reached skill level 5 in Spellcasting
  7866 | D:8      | Reached skill level 9 in Stealth
  8228 | D:8      | Found Nooriant's Jewellery Shoppe.
  8359 | D:8      | Reached XP level 10. HP: 75/77 MP: 11/18
  8446 | D:9      | Noticed dracos369's ghost (journeyman HaFi)
  8466 | D:9      | Killed dracos369's ghost
  8549 | D:9      | Reached ** piety under Ashenzari
  8568 | D:9      | Noticed a cyclops
  8571 | D:9      | Killed a cyclops
  9053 | D:9      | Noticed Pikel
  9061 | D:9      | Killed Pikel
  9168 | D:10     | Entered Level 10 of the Dungeon
  9169 | D:10     | Found Weamonis's Jewellery Emporium.
  9223 | D:10     | Reached skill level 10 in Stealth
  9223 | D:10     | Reached skill level 10 in Hexes
  9335 | D:10     | Found Sufuut's Antique Armour Emporium.
  9338 | D:10     | Noticed a hill giant
  9362 | D:10     | Killed a hill giant
  9369 | D:10     | Bought a shimmering ring mail for 216 gold pieces
  9369 | D:10     | Identified the +1 ring mail "Wezxath" {Str+4 Dex+4} (You bought it in a shop on level 10 of the Dungeon)
  9432 | D:10     | Noticed a hill giant
  9439 | D:10     | Killed a hill giant
  9654 | D:10     | Found a staircase to the Lair.
  9755 | D:10     | Reached XP level 11. HP: 86/86 MP: 17/20
  9846 | D:10     | Found a staircase to the Orcish Mines.
  9856 | D:10     | Found a roughly hewn altar of Beogh.
 10042 | Lair:1   | Entered Level 1 of the Lair of Beasts
 10132 | Lair:1   | Noticed Urug
 10313 | Lair:1   | Killed Urug
 10313 | Lair:1   | Reached skill level 11 in Stealth
 10876 | Lair:1   | Noticed Nergalle
 10887 | Lair:1   | Killed Nergalle
 11024 | Lair:1   | Noticed tstbtto's ghost (journeyman MiCK)
 11056 | Lair:1   | Killed tstbtto's ghost
 11528 | Lair:2   | Reached XP level 12. HP: 96/96 MP: 22/22
 11730 | Lair:2   | Reached skill level 12 in Stealth
 11833 | Lair:2   | Reached *** piety under Ashenzari
 12602 | Lair:3   | Found a dark tunnel.
 12608 | Volcano  | Entered a volcano
 12646 | Volcano  | Reached skill level 10 in Fighting
 13346 | Lair:3   | Identified the ring "Lahoyq" {rC+ Str+6}
 13504 | Lair:3   | Noticed a four-headed hydra
 13510 | Lair:3   | Killed a four-headed hydra
 14072 | Lair:4   | Noticed a death yak
 14073 | Lair:4   | Noticed a death yak
 14265 | Lair:4   | Found a labyrinth entrance.
 14274 | Lab      | Entered a labyrinth
 14354 | Lab      | Noticed a minotaur
 14363 | Lab      | Killed a minotaur
 14413 | Lab      | Identified the Volume of Air (You found it in a labyrinth)
 14414 | Lab      | Identified the cursed +1 scale mail of Words of Power {rC+ MP+9 Int+3} (You found it in a labyrinth)
 14414 | Lab      | Identified the +1 ring mail "Temech" {rPois rC+ Dex+4} (You found it in a labyrinth)
 14627 | Lair:4   | Noticed a death yak
 14629 | Lair:4   | Noticed a death yak
 14782 | Lair:4   | Reached **** piety under Ashenzari
 15089 | Lair:4   | Reached skill level 13 in Stealth
 15110 | Lair:4   | Noticed a fire dragon
 15176 | Lair:4   | Killed a fire dragon
 15176 | Lair:4   | Reached XP level 13. HP: 105/105 MP: 21/25
 16187 | Lair:5   | Reached skill level 10 in Dodging
 16336 | Lair:6   | Noticed Rupert
 16841 | Lair:6   | Noticed Nessos
 16847 | Lair:6   | Killed Nessos
 16858 | Lair:6   | Found a staircase to the Snake Pit.
 16874 | Lair:6   | Found a staircase to the Swamp.
 17625 | Lair:6   | Found a staircase to the Slime Pits.
 17626 | Lair:6   | Found a viscous altar of Jiyva.
 18573 | Lair:7   | Found a white marble altar of Elyvilon.
 18583 | Lair:7   | Reached skill level 14 in Stealth
 18980 | Lair:7   | Reached ***** piety under Ashenzari
 19006 | Lair:7   | Reached skill level 1 in Evocations
 19336 | Lair:8   | Entered Level 8 of the Lair of Beasts
 19974 | Lair:8   | Reached skill level 10 in Short Blades
 20128 | Lair:8   | Reached XP level 14. HP: 106/114 MP: 11/26
 22769 | Lair:4   | Reached skill level 15 in Stealth
 23208 | Lair:1   | Learned a level 6 spell: Darkness
 23209 | Lair:1   | Upgraded the game from 0.19-a0-376-gf780d9b to 0.19-a0-414-g76fec5b
 23331 | D:11     | Noticed Erolcha
 23466 | D:11     | Noticed Psyche
 23491 | D:11     | Killed Psyche
 23638 | D:11     | Killed Erolcha
 23672 | D:11     | Noticed Snorg
 23685 | D:11     | Killed Snorg
 24683 | D:12     | Noticed Maurice
 24689 | D:12     | Killed Maurice
 25527 | D:13     | Reached XP level 15. HP: 119/122 MP: 22/28
 25770 | D:13     | Found a gate to the Vaults.
 26242 | D:14     | Found a shattered altar of Ashenzari.
 26853 | D:15     | Entered Level 15 of the Dungeon
 26905 | D:15     | Reached skill level 15 in Hexes
 27014 | D:15     | Reached skill level 10 in Spellcasting
 27155 | D:15     | Found a staircase to the Depths.
 27222 | D:15     | Noticed no0bjke's ghost (journeyman DsFi)
 27253 | D:15     | Killed no0bjke's ghost
 27431 | D:15     | Found Xauhadeb's Assorted Antiques.
 27446 | D:15     | Bought a glowing buckler for 153 gold pieces
 27446 | D:15     | Bought a scroll of identify for 68 gold pieces
 27468 | D:15     | Reached skill level 5 in Evocations
 27868 | Orc:1    | Entered Level 1 of the Orcish Mines
 27877 | Orc:1    | Reached skill level 16 in Stealth
 27927 | Orc:1    | Found Liyc Buo's Gadget Emporium.
 27996 | Orc:1    | Reached skill level 1 in Shields
 28338 | Orc:2    | Entered Level 2 of the Orcish Mines
 29475 | Orc:2    | Found Ustacump's Book Shoppe.
 29475 | Orc:2    | Found Jos Soso's Antique Weapon Shop.
 29477 | Orc:2    | Found Ris Paq's Distillery.
 29479 | Orc:2    | Found Zorusaat's Jewellery Emporium.
 29510 | Orc:2    | Noticed Maud
 29587 | Orc:2    | Killed Maud
 29633 | Orc:2    | Found a staircase to the Elven Halls.
 30182 | Orc:2    | Bought a book of Battle for 520 gold pieces
 30186 | Orc:2    | Learned a level 3 spell: Spectral Weapon
 30190 | Orc:2    | Learned a level 3 spell: Regeneration
 30193 | Orc:2    | Learned a level 2 spell: Shroud of Golubria
 30450 | Swamp:1  | Entered Level 1 of the Swamp
 30514 | Swamp:1  | Noticed Louise
 30528 | Swamp:1  | Killed Louise
 31116 | Swamp:2  | Reached skill level 1 in Charms
 31128 | Swamp:2  | Noticed a thorn hunter
 31251 | Swamp:2  | Killed a thorn hunter
 31251 | Swamp:2  | Reached skill level 1 in Necromancy
 31251 | Swamp:2  | Reached XP level 16. HP: 120/131 MP: 21/30
 33024 | Swamp:3  | Reached ****** piety under Ashenzari
 33788 | Swamp:4  | Entered Level 4 of the Swamp
 33979 | Swamp:4  | Noticed a thorn hunter
 34012 | Swamp:4  | Killed a thorn hunter
 34518 | Swamp:4  | Reached skill level 5 in Shields
 34580 | Swamp:4  | Reached skill level 17 in Stealth
 34607 | Swamp:4  | Noticed a thorn hunter
 34973 | Swamp:3  | Killed a thorn hunter
 35617 | Swamp:4  | HP: 4/132 [eight-headed hydra (8)]
 36254 | Swamp:4  | Got a decaying rune of Zot
 36390 | Swamp:4  | Noticed a thorn hunter
 36865 | Swamp:3  | Reached XP level 17. HP: 113/139 MP: 31/31
 37964 | D:10     | Bought the ring "Jatos" {rElec rN++ MP+9 Str-4 Dex+6} for 895 gold pieces
 38093 | Lair:1   | Learned a level 5 spell: Silence
 38248 | Snake:1  | Entered Level 1 of the Snake Pit
 38259 | Snake:1  | Found Ufa Popp's Armour Boutique.
 38274 | Snake:1  | Found Tenavvok's Antique Weapon Emporium.
 38326 | Snake:1  | Noticed Ijustatesigmund's ghost (adept HOFi)
 38342 | Snake:1  | Killed Ijustatesigmund's ghost
 38342 | Snake:1  | Reached XP level 18. HP: 118/146 MP: 22/32
 38507 | Snake:1  | Reached skill level 5 in Necromancy
 38677 | Snake:1  | Reached skill level 5 in Charms
 38947 | Snake:1  | Found Tusadiy's General Store.
 38955 | Snake:1  | Bought a potion of heal wounds for 70 gold pieces
 38955 | Snake:1  | Bought a scroll of identify for 28 gold pieces
 39913 | Snake:2  | Reached skill level 1 in Air Magic
 41756 | Snake:3  | Noticed Vashnia
 42008 | Snake:3  | Killed Vashnia
 42411 | Snake:3  | Reached skill level 18 in Stealth
 42709 | Snake:4  | Entered Level 4 of the Snake Pit
 43546 | Snake:4  | Reached XP level 19. HP: 150/153 MP: 34/34
 43893 | Snake:4  | Noticed Asterion
 43908 | Snake:4  | Killed Asterion
 44167 | Snake:4  | Found a burning altar of Makhleb.
 46026 | Snake:4  | Reached skill level 15 in Fighting
 46871 | Snake:4  | Got a serpentine rune of Zot
 47969 | Vaults:1 | Entered Level 1 of the Vaults
 48237 | Vaults:1 | Found Tiuthroh's Armour Emporium.
 48769 | Vaults:1 | Learned a level 2 spell: Repel Missiles
 48859 | Vaults:1 | Reached XP level 20. HP: 163/163 MP: 26/35
 49405 | Vaults:1 | Reached skill level 19 in Stealth
 50017 | Vaults:2 | Noticed Boris
 50018 | Vaults:2 | Killed Boris
 50069 | Vaults:2 | Noticed Donald
 50072 | Vaults:2 | Killed Donald
 52664 | Vaults:3 | Found a staircase to the Crypt.
 53077 | Vaults:3 | Reached XP level 21. HP: 163/171 MP: 36/37
 53316 | Vaults:3 | Noticed Nikola
 53324 | Vaults:3 | Killed Nikola
 54201 | Depths:1 | Entered Level 1 of the Depths
 55103 | Depths:1 | Found a gateway to Hell.
 56400 | Depths:1 | Found a gateway to a ziggurat.
 56707 | Depths:1 | Paralysed by a great orb of eyes for 2 turns
 57453 | Depths:2 | Reached skill level 20 in Stealth
 57789 | Depths:1 | Paralysed by a great orb of eyes for 6 turns
 57792 | Depths:1 | Slain by a great orb of eyes

Vault maps used:
D:1:      matt_arrival_refuge
D:2:      yredelemnul_forgotten_temple_becter, nemelex_altar_shiori,
          uniq_sigmund, uniq_natasha
D:3:      cheibriados_altar_1, elyvilon_altar_5, nemelex_lonely_heart_becter
D:4:      minmay_temple_entry_junction, first_bread
D:5:      nicolae_overflow_hidden_temple, lemuel_blue_sif_altar,
          grunt_temple_overflow_cloverleaf
D:6:      gammafunk_pakellas_cloud_experiment, uniq_prince_ribbit1
D:8:      serial_shops, nicolae_shop_stone, hangedman_pestilent_swarm,
          trog_ov_bears_minmay
D:9:      lightli_minifort, uniq_pikel
D:10:     david_lair_shrubbed, minmay_orc_entry_temple_small, serial_shops,
          shop_statue, shop_statue
D:11:     lemuel_jelly_drop, uniq_psyche, uniq_snorg, uniq_erolcha
D:12:     uniq_maurice
D:13:     david_vaults_5, special_room
D:14:     lemuel_crystal_altar
D:15:     grunt_enter_depths_snipers, hangedman_decor_slide_cut, serial_shops,
          nicolae_shop_waterfront
Temple:   circular_temple_12
Lair:1:   hangedman_lair_generics_rect, uniq_urug, uniq_nergalle
Lair:3:   enter_volcano_2, hangedman_lair_unloving_vines, grunt_megastairs_5,
          infiniplex_staircase_pool_2, lemuel_fruit_tree
Lair:4:   dragon1_lemuel, lab_entry_generic
Lair:5:   grunt_megastairs_2
Lair:6:   minmay_swamp_entry_wisps, dummy_snake_entry, slime_altar_1,
          uniq_nessos, uniq_rupert
Lair:7:   basic_altar, bh_autumn_forest_stairs
Lair:8:   hangedman_lair_caniforms_friends, hangedman_lair_tendril_chambers,
          serial_bayou_lake_a
Swamp:1:  evilmike_swamp_ruin_house_4, uniq_louise
Swamp:2:  evilmike_swamp_ruin_house_3
Swamp:3:  hangedman_swamp_diagram, hangedman_swamp_blocks
Swamp:4:  swamp, swamp_pool2
Snake:1:  serial_shops, nicolae_shop_crystal, shop, shop
Snake:3:  serial_bayou_pond_d, guppyfry_snake_island, uniq_vashnia
Snake:4:  johnstein_snake_rune_scales, basic_altar, uniq_asterion
Orc:1:    serial_shops, shop
Orc:2:    st_orc_rangers, mines5_lemuel, uniq_maud
Vaults:1: vaults_room_glass_cross, nicolae_vaults_little_squares_3,
          vaults_mumra_minichess, hangedman_vaults_maws, vaults_dpeg_spiral,
          nicolae_vaults_asterisk, vaults_dpeg_ring, v_misc_16,
          vaults_dpeg_hooks, nicolae_vaults_little_squares_6, v_misc_25,
          nicolae_vaults_alarming, nicolae_vaults_sealed_display,
          vaults_dpeg_cross, vaults_room_pools, nicolae_vaults_little_squares_5,
          serial_shops, nicolae_shop_temple_entry_statues_fountains
Vaults:2: nicolae_vaults_yaktaur_gun_rack, nicolae_vaults_network_quincunx,
          st_cross, ontoclasm_vaults_ring_large, nicolae_vaults_circle_grid_a,
          vaults_room_octagon, vaults_room_door_ring,
          ontoclasm_vaults_loading_screen, nicolae_vaults_ring_of_whatevers,
          v_misc_33, v_misc_23, vaults_room_semicircle, grunt_vaults_bifocal,
          vaults_dpeg_encased_lava, grunt_vaults_hallway_short, uniq_boris,
          uniq_donald
Vaults:3: nicolae_vaults_little_squares_4, v_misc_17, v_rooms_1, v_rooms_3,
          ontoclasm_vaults_gallery, vaults_mumra_minichess_inversion,
          vaults_room_pool, minmay_crypt_entry_simple_box,
          nicolae_vaults_little_ls, ontoclasm_vaults_claustrophobia, uniq_nikola
Depths:1: enter_ziggurat_f, columned_hall_lemuel, pf_vacation_house_of_asmodeus,
          minmay_strange_pillars, minmay_misc_feat_encased, grunt_ministairs_12,
          minmay_misc_feat_tiny, kennysheep_generic_room_9
Depths:2: radiant_caverns_b_rkd, hell_entry, serial_shops
Lab:      nicolae_lab_arrow, nicolae_lab_blocks
Volcano:  volcano_village

Skill      XL: |  1  2  3  4  5  6  7  8  9 10 11 12 13 14 15 16 17 18 19 20 21 |
---------------+----------------------------------------------------------------+-----
Fighting       | 1 2 3 4 5 6 8 9 10 11 12 13 14 15 16 | 16.4
Dodging        | 3 4 5 7 8 9 10 11 12 13 14 | 14.8
Short Blades   | 2 3 4 5 6 7 9 10 11 12 13 | 13.3
Stealth        | 5 6 7 9 10 11 13 14 15 16 17 18 19 20 | 20.0
Hexes          | 5 6 7 9 10 11 12 13 14 15 16 17 18 19 | 19.0
Spellcasting   | 3 4 5 6 7 8 9 10 11 12 | 12.4
Evocations     | 2 4 5 6 7 8 9 |  9.3
Shields        | 2 5 6 7 8 9 |  9.6
Charms         | 1 4 6 7 9 |  9.8
Necromancy     | 1 4 6 8 9 |  9.7
Air Magic      | 3 4 |  4.2

Action                   |  1- 3 |  4- 6 |  7- 9 | 10-12 | 13-15 | 16-18 | 19-21 || total
-------------------------+-------+-------+-------+-------+-------+-------+-------++-------
Melee: Dagger            |    95 |    96 |   459 |   970 |  2382 |  1278 |  2576 ||  7856
       Bite              |     5 |     8 |    48 |   121 |   323 |   206 |   486 ||  1197
 Cast: Corona            |     4 |       |       |       |       |     1 |       ||     5
       Ensorcelled Hiber |     5 |    15 |    10 |    34 |   124 |    24 |    24 ||   236
       Confuse           |     2 |     7 |    49 |    72 |   269 |   270 |   335 ||  1004
       Tukima's Dance    |       |       |       |     1 |       |       |       ||     1
       Dazzling Spray    |       |       |       |       |    22 |    64 |   127 ||   213
       Darkness          |       |       |       |       |     2 |     2 |     3 ||     7
       Spectral Weapon   |       |       |       |       |       |    48 |    88 ||   136
       Regeneration      |       |       |       |       |       |    26 |    20 ||    46
       Shroud of Golubri |       |       |       |       |       |     5 |     4 ||     9
       Repel Missiles    |       |       |       |       |       |       |     2 ||     2
       Silence           |       |       |       |       |       |       |    11 ||    11
Invok: Curse Item        |       |       |     1 |     3 |       |     3 |     1 ||     8
 Abil: End Transformatio |       |       |       |     2 |     1 |     1 |       ||     4
       Bat Form          |       |       |       |     2 |     1 |     1 |       ||     4
Evoke: Crystal ball of e |       |       |       |       |       |     4 |     1 ||     5
       Wand              |       |       |       |       |       |       |     2 ||     2
       Lamp of fire      |       |       |       |       |       |       |     2 ||     2
  Use: Potion            |       |       |     5 |     5 |     9 |    14 |    10 ||    43
       Scroll            |       |       |       |    16 |    14 |    12 |     5 ||    47
 Stab: Sleeping          |    11 |    16 |    23 |    71 |   187 |    46 |    79 ||   433
       Confused          |     1 |     5 |    32 |    61 |   178 |   148 |   208 ||   633
       Distracted        |       |       |     4 |     2 |     5 |    23 |    72 ||   106
       Invisible         |       |       |       |       |     5 |    31 |    61 ||    97
Armor: Robe              |    17 |     6 |    77 |    83 |   229 |   114 |   137 ||   663
Dodge: Dodged            |    53 |    51 |   240 |   569 |  1653 |   904 |  1491 ||  4961
       Deflected         |       |       |       |       |       |       |    11 ||    11
Block: Buckler           |       |       |       |       |   181 |   368 |   646 ||  1195
